 Dungeon Crawl Stone Soup version 0.31.0-9-g3a7656b989 (webtiles) character file.

Game seed: 14991982283666358347

146 CaptainMV the Gusty (level 5, 0/37 HPs)
             Began as a Demonspawn Wanderer on Jan 25, 2024.
             Slain by a kobold
             ... wielding a +0 short sword
              (2 damage)
             ... in a sewer.
             The game lasted 00:13:24 (1455 turns).

CaptainMV the Gusty (Demonspawn Wanderer)           Turns: 1455, Time: 00:13:26

Health: 0/37       AC: 10    Str: 14    XL:     5   Next: 7%
Magic:  8/9        EV:  7    Int: 12    God:
Gold:   134        SH:  0    Dex: 13    Spells: 9/10 levels left

rFire   . . .        a - +4 long sword
rCold   . . .        (no shield)
rNeg    . . .        c - +0 ring mail
rPois   .            (no helmet)
rElec   .            e - +0 cloak
rCorr   .            h - +0 pair of gloves
SInv    .            j - +0 pair of boots
Will    .....        (no amulet)
Stlth   +            (no ring)
HPRegen 0.26/turn    (no ring)
MPRegen 0.11/turn

%: no passive effects
@: constricted
A: molten scales 1, powered by pain 2
a: no special abilities


You were in a sewer.
You visited 1 branch of the dungeon, and saw 3 of its levels.
You also visited: Sewer.

You collected 134 gold pieces.

Inventory:

Hand Weapons
 a - a +4 long sword (weapon)
 f - a +0 club
Missiles
 k - 6 poisoned darts (quivered)
Armour
 c - a +0 ring mail (worn)
 e - a +0 cloak (worn)
 h - a +0 pair of gloves (worn)
 j - a +0 pair of boots (worn)
Talismans
 b - a serpent talisman
 p - a blade talisman
Scrolls
 i - a scroll of poison
 m - a scroll of identify
Potions
 d - 2 potions of degeneration
 g - a potion of haste
 l - a potion of berserk rage
 n - a potion of brilliance {unknown}
 o - a potion of curing {unknown}
 q - a potion of enlightenment {unknown}


   Skills:
 + Level 1.2 Fighting
 + Level 2.5 Long Blades
 + Level 0.6 Maces & Flails
 + Level 2.4 Armour
 + Level 1.0 Dodging
 + Level 0.3 Stealth
 + Level 3.2 Spellcasting
 + Level 0.1 Conjurations
 + Level 3.8 Air Magic
 + Level 1.2 Invocations


You had 9 spell levels left.
You knew the following spells:

 Your Spells              Type           Power      Damage    Failure   Level
a - Shock                 Conj/Air       24%        1d4       22%         1

Your spell library contained the following spells:

 Spells                   Type           Power      Damage    Failure   Level
 Cigotuvi's Dreadful Rot  Necr/Alch/Air  10%        N/A       38%         2
 Foxfire                  Conj/Fire      8%         2x1d4     43%         1
 Inner Flame              Hex/Fire       1%         N/A       82%         3
 Summon Lightning Spire   Summ/Air       6%         N/A       91%         4


Dungeon Overview and Level Annotations

Branches:
Dungeon (3/15)              Sewer (1/1)

Altars:


Innate Abilities, Weirdness & Mutations

You are partially covered in molten scales. (AC +2)
You sometimes gain power by taking damage.


Message History

The kobold brigand completely misses you.
Casting: Shock (safe; 22% risk of failure)
Confirm with . or Enter, or press ? or * to list all spells.
Aiming: Shock (safe; 22% risk of failure)
Press: ? - help, Shift-Dir - straight line, f - kobold zombie
Aim: a kobold zombie (78% to hit)
The zap misses the kobold brigand.
The zap hits the kobold zombie.
The kobold zombie is moderately damaged.
The ball python bites you but does no damage.
The ball python constricts you.
The kobold brigand hits you but does no damage.
The kobold closely misses you.
You slash the kobold brigand!
The kobold brigand is severely wounded.
The ball python bites you.
* * * LOW HITPOINT WARNING * * *
The ball python constricts you.
The kobold brigand hits you with a +0 club.
* * * LOW HITPOINT WARNING * * *
The kobold hits you but does no damage.
You closely miss the ball python.
The ball python bites you but does no damage.
The ball python constricts you.
The kobold brigand hits you but does no damage.
The ball python bites you but does no damage.
The ball python constricts you.
You hit the kobold brigand.
The kobold brigand is almost dead.
The ball python bites you but does no damage.
The ball python constricts you.
The kobold brigand hits you but does no damage.
The kobold hits you but does no damage.
You hit the kobold brigand.
You kill the kobold brigand!
The ball python bites you.
* * * LOW HITPOINT WARNING * * *
The ball python constricts you. The ball python barely misses you.
The ball python constricts you.
The kobold hits you with a +0 short sword.
You die...

≈~≈~#..)#~≈~≈≈≈#
≈~~...≈....≈≈≈≈#
~~..#≈≈≈#..~~~.#
....#~≈~#......#
#######~#######'#
.....#.))#......#
~~~.~..)..~~~~~~#
≈≈≈~~#...#~≈≈~≈≈#
#######@#########


#ZKS# ...⌠... +.......+ +.⌠._.⌠.+ +.......+ #..⌠.⌠..# ##.....## You could see a
kobold zombie, a ball python and a kobold.

Vanquished Creatures
  A kobold brigand (Sewer)
  3 gnolls (D:3)
  An adder (D:2)
  A river rat (D:3)
  2 dart slugs (D:2)
  5 ribbon worms
  An orc (D:2)
  4 ball pythons
  6 bats
  8 endoplasms
  4 giant cockroaches
  6 goblins
  7 hobgoblins
  2 jackals (D:2)
  2 quokkas (D:3)
  5 frilled lizards
  12 kobolds
  11 rats
81 creatures vanquished.

Notes
Turn   | Place    | Note
-------+----------+-------------------------------------------
     0 | D:1      | CaptainMV the Demonspawn Wanderer began the quest for the
                  | Orb.
     0 | D:1      | CaptainMV set off with the following items: a +0 club, a
                  | potion of berserk rage, a +0 ring mail; and the following
                  | spells available to memorise: Shock, Cigotuvi's Dreadful
                  | Rot, Foxfire, Inner Flame, Summon Lightning Spire.
     0 | D:1      | Reached XP level 1. HP: 13/13 MP: 4/4
     2 | D:1      | Learned a level 1 spell: Shock
   236 | D:1      | Gained mutation: You are partially covered in molten
                  | scales. (AC +2) [demonic ancestry]
   236 | D:1      | Reached XP level 2. HP: 15/20 MP: 6/6
   675 | D:2      | Gained mutation: You sometimes gain a little power by
                  | taking damage. [demonic ancestry]
   675 | D:2      | Reached XP level 3. HP: 19/25 MP: 7/7
   962 | D:2      | Reached skill level 1 in Fighting
   998 | D:2      | Reached skill level 1 in Long Blades
   998 | D:2      | Reached XP level 4. HP: 32/32 MP: 8/8
  1345 | D:3      | Found a glowing drain.
  1349 | Sewer    | Entered a sewer
  1390 | Sewer    | Reached skill level 1 in Dodging
  1391 | Sewer    | Gained mutation: You sometimes gain power by taking damage.
                  | [demonic ancestry]
  1391 | Sewer    | Reached XP level 5. HP: 32/37 MP: 7/9
  1439 | Sewer    | Found an ancient bone altar of Kikubaaqudgha.
  1455 | Sewer    | Slain by a kobold

Illustrated notes

Levels and vault maps discovered:
D:1:      lightli_arrival_boilingwater, layout_loops_ring,
          amcnicky_mini_rare_corridor_liquid, dreamdust_princess_corridor,
          chequers_decorated_corner, minmay_misc_feat_alley
D:2:      layout_rooms, hellmonk_ecumenical_altar_leap_of_faith,
          minmay_fractal_squares_gapless_5
D:3:      layout_rooms, mainiacjoe_overflow_big_doors, gup_sewer_entry_spiral
Sewer:    kennysheep_sewer_church

Skill      XL: |  1  2  3  4 |
---------------+-------------+-----
Armour         | 2 |  2.4
Fighting       | 1 |  1.2
Long Blades    | 1 2 |  2.5
Dodging        | 1 |  1.0
Maces & Flails | |  0.6
Stealth        | |  0.3
Spellcasting   | |  3.2
Conjurations   | |  0.1
Air Magic      | |  3.8
Invocations    | |  1.2

Action                     |  1- 3 |  4- 6 || total
---------------------------+-------+-------++-------
  Melee: Club              |    96 |       ||    96
         Long sword        |    75 |    91 ||   166
         Punch             |     1 |       ||     1
   Cast: Shock             |     8 |     8 ||    16
    Use: Scroll            |     7 |     4 ||    11
 Armour: Ring mail         |   122 |    86 ||   208
  Dodge: Dodged            |    89 |    49 ||   138
